 Dungeon Crawl Stone Soup version 0.26-a0-712-ga5a9c9c9d0 (webtiles) character file.

Game seed: 1064608296097203669

102 FrothyCoffee the Changer (level 4, 0/38 HPs)
             Began as a Naga Transmuter on Nov 10, 2020.
             Slain by an adder (3 damage)
             ... on level 3 of the Dungeon.
             The game lasted 00:07:13 (3340 turns).

FrothyCoffee the Changer (Naga Transmuter)          Turns: 3340, Time: 00:07:14

Health: 0/38       AC:  2    Str: 13    XL:     4   Next: 77%
Magic:  5/7        EV: 10    Int: 14    God:
Gold:   124        SH:  0    Dex: 11    Spells: 1/7 levels left

rFire    . . .     SeeInvis +     - Unarmed
rCold    . . .     Faith    .   (no shield)
rNeg     . . .     Spirit   .   a - +0 robe
rPois    +         Reflect  .   (helmet currently unavailable)
rElec    .         Harm     .   (no cloak)
rCorr    .         Rampage  .   (no gloves)
MR       .....                  (no barding)
Stlth    +.........             (no amulet)
HPRegen  0.12/turn              (no ring)
MPRegen  0.10/turn              (no ring)

@: lethally poisoned (0 -> -12), short of breath, appendages, wereblooded, very
slow
A: large, horns 2, see invisible, deformed body, poison resistance, slowness 2,
spit poison 1, AC +1
a: Spit Poison, End Transformation


You were on level 3 of the Dungeon.
You had grown temporary horns.
You visited 1 branch of the dungeon, and saw 3 of its levels.

You collected 124 gold pieces.

Inventory:

Missiles
 f - 6 boomerangs (quivered)
 h - 104 stones
Armour
 a - a +0 robe (worn)
 k - a +1 chain mail
Jewellery
 i - an uncursed amulet of faith {unknown}
Scrolls
 c - a scroll of noise {unknown}
 d - 2 scrolls of enchant armour
 e - a scroll of enchant weapon
 j - 2 scrolls of blinking
Potions
 b - 2 potions of curing {unknown}
 g - a potion of flight {unknown}
 l - a potion of heal wounds {unknown}


   Skills:
 - Level 1.0 Fighting
 - Level 1.5 Dodging
 - Level 3.0 Unarmed Combat
 - Level 2.0 Spellcasting
 * Level 4.8 Transmutations


You had one spell level left.
You knew the following spells:

 Your Spells              Type           Power        Failure   Level
a - Beastly Appendage     Tmut           ##....       3%          1
b - Wereblood             Tmut           ##......     4%          2
c - Spider Form           Tmut/Pois      #.........   26%         3

Your spell library contained the following spells:

 Spells                   Type           Power        Failure   Level
 Ice Form                 Ice/Tmut       #.......     65%         4
 Blade Hands              Tmut           ##........   65%         5


Dungeon Overview and Level Annotations

Branches:
Dungeon (3/15)

Altars:


Innate Abilities, Weirdness & Mutations

You cannot wear boots.
Your serpentine skin is tough. (AC +1)
You have supernaturally acute eyesight. (SInv)
Armour fits poorly on your strangely shaped body.
Your system is resistant to poisons. (rPois)
You cover ground very slowly.
You can spit poison.
You have a pair of horns on your head.


Message History

You feel sick. The adder bites you.
You are more poisoned.
The adder poisons you! The adder bites you.
You closely miss the adder.
The adder is moderately wounded.
You feel sick. The adder bites you.
* * * LOW HITPOINT WARNING * * *
The adder completely misses you.
You barely miss the adder.
The adder is moderately wounded.
You feel sick. The adder bites you.
* * * LOW HITPOINT WARNING * * *
You are more poisoned.
The adder poisons you!
Press: ? - help, Shift-Dir - straight line, f - adder
Aim: an adder (moderately wounded)
The splash of poison misses the adder.
* * * LOW HITPOINT WARNING * * *
You feel sick. The adder bites you.
You die...

##.##.....#
#...#.....#
#.#.#..†...#
#.##.##.#####
#.# #.###.# #.
..# #.# #
#####.# ##.##
#.###@##
#..S##
#.............
##########.###


You could see an adder.

Vanquished Creatures
  A gnoll (D:2)
  3 adders
  4 dart slugs
  3 leopard geckos
  An orc (D:2)
  3 giant cockroaches
  7 goblins
  6 hobgoblins
  A ball python (D:1)
  5 bats
  3 frilled lizards
  10 kobolds
  7 rats
54 creatures vanquished.

Notes
Turn   | Place    | Note
-------+----------+-------------------------------------------
     0 | D:1      | FrothyCoffee the Naga Transmuter began the quest for the
                  | Orb.
     0 | D:1      | Reached XP level 1. HP: 18/18 MP: 3/3
   395 | D:1      | Reached XP level 2. HP: 23/25 MP: 3/5
   673 | D:1      | Reached skill level 3 in Transmutations
   817 | D:1      | Reached XP level 3. HP: 22/31 MP: 3/6
  1153 | D:2      | Learned a level 2 spell: Wereblood
  1515 | D:2      | Reached skill level 4 in Transmutations
  1901 | D:2      | Reached XP level 4. HP: 26/38 MP: 5/7
  3243 | D:3      | Learned a level 3 spell: Spider Form
  3340 | D:3      | Slain by an adder

Illustrated notes

Levels and vault maps discovered:
D:1:      lightli_arrival_windingriver, layout_rooms
D:2:      layout_basic, minmay_split_cup_large
D:3:      layout_loops_cross

Skill      XL: |  1  2  3 |
---------------+----------+-----
Transmutations | 3 4 |  4.8
Fighting       | |  1.0
Dodging        | |  1.5
Unarmed Combat | |  3.0
Spellcasting   | |  2.0

Action                   |  1- 3 |  4- 6 || total
-------------------------+-------+-------++-------
Melee: Unarmed           |   114 |    71 ||   185
       Headbutt          |     9 |     8 ||    17
       Punch             |       |     1 ||     1
Throw: Boomerang         |     1 |     2 ||     3
 Cast: Beastly Appendage |    21 |    10 ||    31
       Wereblood         |     4 |     9 ||    13
 Abil: Spit Poison       |     7 |     3 ||    10
  Use: Scroll            |       |     5 ||     5
Armor: Robe              |    35 |     5 ||    40
       Chain mail        |       |    24 ||    24
Dodge: Dodged            |    71 |    28 ||    99

Table legend: (Time is in decaauts)
 A = Elapsed time spent in this place.
 B = Non-inter-level travel time spent in this place.
 C = Inter-level travel time spent in this place.
 D = Time resting spent in this place.
 E = Time spent auto-exploring this place.
 F = Levels seen in this place.
 G = Mean time per level.
                   A        B        C        D        E       F      G
               +--------+--------+--------+--------+--------+-----+--------+
         Total |   3826 |   3693 |    133 |   1180 |   1803 |   3 | 1275.3 |
       Dungeon |   3826 |   3693 |    133 |   1180 |   1803 |   3 | 1275.3 |
               +--------+--------+--------+--------+--------+-----+--------+

Top non-repeatable levels by time:
     D:2: 2184 daAuts
     D:1: 1249 daAuts
     D:3: 393 daAuts
